 Dungeon Crawl Stone Soup version 0.30-a0-964-gd452b5e7fa (webtiles) character file.

Game seed: 15034795946621641820

9 funkygono the Covered (level 2, 0/27 HPs)
             Began as a Minotaur Fighter on Mar 30, 2023.
             Slain by a kobold
             ... wielding a +0 short sword
              (2 damage)
             ... on level 1 of the Dungeon.
             The game lasted 00:00:09 (35 turns).

funkygono the Covered (Minotaur Fighter)              Turns: 35, Time: 00:00:09

Health: 0/27       AC:  7    Str: 20    XL:     2   Next: 6%
Magic:  1/1        EV:  9    Int:  5    God:
Gold:   4          SH:  4    Dex:  9    Spells: 1/1 levels left

rFire   . . .      SeeInvis .    a - +0 war axe
rCold   . . .      Faith    .    c - +0 buckler
rNeg    . . .      Spirit   .    b - +0 scale mail
rPois   .          Reflect  .    (helmet restricted)
rElec   .          Rampage  .    (no cloak)
rCorr   .                        (no gloves)
Will    .....                    (no boots) Stlth
                                 (no amulet)
HPRegen 0.24/turn                (no ring)
MPRegen 0.07/turn                (no ring)

@: no status effects
A: horns 2, retaliatory headbutt
a: no special abilities


You were on level 1 of the Dungeon.
You visited 1 branch of the dungeon, and saw 1 of its levels.

You collected 4 gold pieces.

Inventory:

Hand Weapons
 a - a +0 war axe (weapon)
Armour
 b - a +0 scale mail (worn)
 c - a +0 buckler (worn)
Scrolls
 e - a scroll of silence {unknown}
Potions
 d - a potion of might


   Skills:
 + Level 3.8 Fighting
 + Level 2.5 Axes
 + Level 3.9 Armour
 + Level 3.9 Shields


You had one spell level left.
You didn't know any spells.
Your spell library was empty.

Dungeon Overview and Level Annotations

Branches:
Dungeon (1/15)

Altars:


Innate Abilities, Weirdness & Mutations

You have a pair of horns on your head.
You reflexively headbutt those who attack you in melee.


Message History

Found 3 stones, 4 gold pieces and a scroll labelled ZYUNOA LOCK.
Found a staircase leading out of the dungeon.
You now have 4 gold pieces.
e - a scroll labelled ZYUNOA LOCK A sourceless malevolence fills the Dungeon... and a teleportation trap spontaneously manifests!
You are yanked towards some nearby monsters!
Your surroundings suddenly seem different.
A kobold and a gnoll come into view.
The kobold shouts!
The gnoll shouts!
The gnoll hits you with a +0 club.
You slash the gnoll! Your headbutt misses the gnoll.
The gnoll is heavily wounded.
The gnoll barely misses you.
You hit the gnoll. You headbutt the gnoll.
The gnoll is almost dead.
The gnoll hits you with a +0 club.
You barely miss the gnoll.
The gnoll is almost dead.
The gnoll hits you with a +0 club.
* * * LOW HITPOINT WARNING * * *
The kobold hits you with a +0 short sword.
* * * LOW HITPOINT WARNING * * *
The gnoll closely misses you.
You barely miss the kobold. You barely miss the gnoll.
The kobold hits you but does no damage. The gnoll completely misses you.
Unknown command.
You closely miss the kobold. You hit the gnoll.
You kill the gnoll!
The kobold closely misses you. You furiously retaliate!
You headbutt the kobold.
The kobold hits you with a +0 short sword.
* * * LOW HITPOINT WARNING * * *
You have reached level 2!
You hit the kobold.
The kobold is heavily wounded.
You block the kobold's attack.
You closely miss the kobold. Your headbutt misses the kobold.
The kobold is heavily wounded.
The kobold hits you with a +0 short sword.
You die...

## #....# ...
#....#
...###....#
..........#
..........#
..........#
.......K..#
#)@..#
..............#
#####.######.##
#. #


You could see a kobold.

Vanquished Creatures
  A gnoll (D:1)
1 creature vanquished.

Notes
Turn   | Place    | Note
-------+----------+-------------------------------------------
     0 | D:1      | funkygono the Minotaur Fighter began the quest for the Orb.
     0 | D:1      | Reached XP level 1. HP: 19/19 MP: 0/0
    34 | D:1      | Reached XP level 2. HP: 1/27 MP: 1/1
    35 | D:1      | Slain by a kobold

Illustrated notes

Levels and vault maps discovered:
D:1:      dpeg_arrival_signposts, layout_basic

Action                     || total
---------------------------++-------
  Melee: War axe           ||     7
         Headbutt          ||     1
 Armour: Scale mail        ||     1
  Dodge: Dodged            ||     4
  Block: Buckler           ||     1

Table legend: (Time is in decaauts)
 A = Elapsed time spent in this place.
 B = Non-inter-level travel time spent in this place.
 C = Inter-level travel time spent in this place.
 D = Time resting spent in this place.
 E = Time spent auto-exploring this place.
 F = Levels seen in this place.
 G = Mean time per level.
                   A        B        C        D        E       F      G
               +--------+--------+--------+--------+--------+-----+--------+
         Total |     37 |     37 |      0 |      0 |     27 |   1 |   37.0 |
       Dungeon |     37 |     37 |      0 |      0 |     27 |   1 |   37.0 |
               +--------+--------+--------+--------+--------+-----+--------+

Top non-repeatable levels by time:
     D:1: 37 daAuts
